 Dungeon Crawl Stone Soup version 0.29-a0-994-gc5c9f59d18 (webtiles) character file.

Game seed: 4251667187992026597

102 2tc the Chopper (level 4, 0/35 (39) HPs)
             Began as a Hill Orc Monk on Aug 3, 2022.
             Was an Initiate of Yredelemnul.
             Slain by Edmund
             ... wielding a +5 flail of draining
              (1 damage)
             ... on level 4 of the Dungeon.
             The game lasted 00:11:06 (3473 turns).

2tc the Chopper (Hill Orc Monk)                     Turns: 3473, Time: 00:11:06

HP:   0/35 (39)     AC:  4    Str: 15    XL:     4   Next: 78%
MP:   4/4           EV: 12    Int: 10    God:    Yredelemnul [......]
Gold: 136           SH:  0    Dex: 13    Spells: 3/3 levels left

rFire   . . .      SeeInvis .   a - +0 hand axe
rCold   . . .      Faith    .   h - orb {light}
rNeg    . . .      Spirit   .   b - +1 robe
rPois   .          Reflect  .   (no helmet)
rElec   .          Harm     .   (no cloak)
rCorr   .          Rampage  .   m - +0 pair of gloves
Will    .....                   (no boots)
Stlth   +.........              (no amulet)
HPRegen 0.11/turn               (no ring)
MPRegen 0.09/turn               (no ring)

@: hasted, glowing, heavily drained, very quick
A: no striking features
a: Renounce Religion, Recall Undead Harvest


You were on level 4 of the Dungeon.
You worshipped Yredelemnul.
Yredelemnul was noncommittal.
You visited 1 branch of the dungeon, and saw 4 of its levels.

You collected 136 gold pieces.

Inventory:

Hand Weapons
 a - a +0 hand axe (weapon)
Missiles
 e - 4 javelins (quivered)
Armour
 b - a +1 robe (worn)
 h - an orb of light (worn)
 m - a +0 pair of gloves (worn)
Jewellery
 i - an amulet of guardian spirit
Scrolls
 d - a scroll of teleportation
 j - a scroll of fear
 k - a scroll of identify
Potions
 c - a potion of ambrosia
 f - a potion of haste
 g - a potion of heal wounds
 l - a potion of flight


   Skills:
 - Level 3.6 Fighting
 + Level 7.1 Axes
 - Level 2.4 Dodging
 - Level 1.5 Stealth


You had 3 spell levels left.
You didn't know any spells.
Your spell library contained the following spells:

 Spells                   Type           Power      Damage    Failure   Level
 Magic Dart               Conj           0%         1d3       36%         1
 Call Imp                 Summ           0%         N/A       50%         2
 Poisonous Vapours        Pois/Air       0%         N/A       50%         2
 Mephitic Cloud           Conj/Pois/Air  0%         N/A       75%         3
 Ozocubu's Armour         Ice            0%         N/A       75%         3
 Corpse Rot               Necr/Pois/Air  0%         N/A       98%         4
 Ozocubu's Refrigeration  Ice            0%         4d7       100%        7


Dungeon Overview and Level Annotations

Branches:
Dungeon (4/15)
 Temple: D:4-7

Altars:
Elyvilon
Fedhas
Qazlal
Yredelemnul
The Shining One

Annotations:
D:4 Edmund


Message History

The goblin hits you with a +0 dagger. The goblin hits you but does no damage.
Your goblin zombie barely misses the goblin.
You hit the goblin.
You kill the goblin!
The dead are walking!
Your goblin zombie closely misses Edmund.
Edmund hits you with a +5 flail of draining!
You feel drained.
The goblin hits your goblin zombie with a +2 dagger of venom.
Your goblin zombie hits Edmund.
Things that are here:
a +0 dagger; a +0 club You hit Edmund but do no damage.
Edmund is lightly wounded.
Edmund hits you with a +5 flail of draining!
You feel drained.
The goblin hits your goblin zombie with a +2 dagger of venom.
Your goblin zombie hits the goblin.
The goblin hits your goblin zombie with a +0 dagger.
Your goblin zombie is destroyed!
The goblin shouts!
Press: ? - help, v - describe, . - travel
Here: Edmund, wielding a +5 flail of draining and wearing a +3 ring mail of cold resistance (lightly wounded, ally target, haloed)
The floor.
Unknown command.
Unknown command.
You feel yourself speed up.
Your goblin zombie hits Edmund but does no damage.
Edmund hits you with a +5 flail of draining!
* * * LOW HITPOINT WARNING * * *
You feel drained.
* * * LOW HITPOINT WARNING * * *
Unknown command.
You barely miss Edmund.
Edmund is lightly wounded.
The goblin hits your goblin zombie with a +2 dagger of venom.
Edmund hits you with a +5 flail of draining.
You die...
Your body rises from the dead as a mindless zombie.

## #.. .#..#..##
........######
.(...........#
.............#
.............##
#............g#
##..........g@######
#...........Z@....#
#####.......#####.#######
#.......# #..<....#
######### #.......#
#.......# .........#
####......# #......#
########


You could see Edmund, 2 goblins and a friendly goblin zombie.

Vanquished Creatures
  3 adders
  2 worms (D:2)
  2 dart slugs
  3 ball pythons
  6 endoplasms
  3 giant cockroaches
  7 goblins
  3 hobgoblins
  3 jackals (D:1)
  A quokka (D:1)
  8 bats
  3 frilled lizards
  3 kobolds
  5 rats
52 creatures vanquished.

Vanquished Creatures (collateral kills)
  An adder (D:3)
  A goblin (D:2)
  2 rats
4 creatures vanquished.

Vanquished Creatures (others)
  A bat zombie (D:2)
  A goblin zombie (D:4)
2 creatures vanquished.

Grand Total: 58 creatures vanquished

Notes
Turn   | Place    | Note
-------+----------+-------------------------------------------
     0 | D:1      | 2tc the Hill Orc Monk began the quest for the Orb.
     0 | D:1      | Reached XP level 1. HP: 19/19 MP: 1/1
   192 | D:1      | Reached XP level 2. HP: 9/26 MP: 2/2
   750 | D:1      | Reached skill level 5 in Axes
  1354 | D:1      | Found a faded altar of an unknown god.
  1361 | D:1      | Prayed at the altar of an unknown god.
  1361 | D:1      | Became a worshipper of Yredelemnul the Dark
  1514 | D:2      | Reached XP level 3. HP: 22/31 MP: 3/3
  1681 | D:2      | Reached * piety under Yredelemnul
  1957 | D:2      | Reached skill level 6 in Axes
  1958 | D:2      | Reached ** piety under Yredelemnul
  2037 | D:2      | Reached XP level 4. HP: 18/39 MP: 4/4
  2301 | D:2      | Found a glowing golden altar of the Shining One.
  2389 | D:2      | Reached *** piety under Yredelemnul
  2698 | D:3      | You fall into a shaft and drop 1 floor!
  2946 | D:3      | Found a stormy altar of Qazlal.
  2949 | D:3      | Found a white marble altar of Elyvilon.
  3145 | D:3      | Found a blossoming altar of Fedhas.
  3210 | D:3      | Reached skill level 7 in Axes
  3455 | D:4      | Noticed Edmund
  3472 | D:4      | HP: 1/35 [Edmund/+5 flail of draining (1)]
  3473 | D:4      | Slain by Edmund

Illustrated notes

Levels and vault maps discovered:
D:1:      saegor_arrival_under_anarchy, layout_basic,
          dilly_ecumenical_altar_fadedgnrine, hangedman_feature_mirror
D:2:      layout_loops_cross, basic_altar, kennysheep_generic_room_10
D:3:      layout_basic, nicolae_overflow_hidden_temple, old_standard_altar,
          nrook_mini_vaults, grunt_decor_fettered, supply_closet_lemuel
D:4:      layout_rooms, cheibriados_altar_1, marbit_many_paths,
          minmay_temple_entry_proselytizer, minmay_bisected, uniq_edmund,
          uniq_robin

Skill      XL: |  1  2  3  4 |
---------------+-------------+-----
Axes           | 5 6 7 |  7.1
Fighting       | |  3.6
Dodging        | |  2.4
Stealth        | |  1.5

Action                   |  1- 3 |  4- 6 || total
-------------------------+-------+-------++-------
Melee: Hand axe          |   110 |    56 ||   166
Invok: Recall Undead Har |       |     2 ||     2
  Use: Scroll            |     7 |     4 ||    11
       Potion            |       |     1 ||     1
 Stab: Sleeping          |     3 |     1 ||     4
       Distracted        |       |     1 ||     1
Armor: Robe              |    28 |    14 ||    42
Dodge: Dodged            |    83 |    25 ||   108

Table legend: (Time is in decaauts)
 A = Elapsed time spent in this place.
 B = Non-inter-level travel time spent in this place.
 C = Inter-level travel time spent in this place.
 D = Time resting spent in this place.
 E = Time spent auto-exploring this place.
 F = Levels seen in this place.
 G = Mean time per level.
                   A        B        C        D        E       F      G
               +--------+--------+--------+--------+--------+-----+--------+
         Total |   3476 |   3324 |    152 |    155 |   2633 |   4 |  869.0 |
       Dungeon |   3476 |   3324 |    152 |    155 |   2633 |   4 |  869.0 |
               +--------+--------+--------+--------+--------+-----+--------+

Top non-repeatable levels by time:
     D:1: 1508 daAuts
     D:2: 1202 daAuts
     D:3: 701 daAuts
     D:4: 64 daAuts
